 Dungeon Crawl Stone Soup version 0.30.1-9-gdf580d7c3d (webtiles) character file.

Game seed: 5039808751713280142

76 safid the Chiller (level 4, -2/33 HPs)
             Began as a Merfolk Ice Elementalist on Sept 29, 2023.
             Killed from afar by Natasha (8 damage)
             ... with a magic dart
             ... on level 2 of the Dungeon.
             The game lasted 00:01:59 (1113 turns).

safid the Chiller (Merfolk Ice Elementalist)        Turns: 1113, Time: 00:02:00

Health: -2/33      AC:  2    Str:  8    XL:     4   Next: 32%
Magic:  7/8        EV: 12    Int: 16    God:
Gold:   42         SH:  0    Dex: 14    Spells: 1/8 levels left

rFire   . . .        g - +0 short sword
rCold   . . .        (no shield)
rNeg    . . .        a - +0 robe
rPois   .            (no helmet)
rElec   .            (no cloak)
rCorr   .            (no gloves)
SInv    .            (no boots)
Will    .....        (no amulet)
Stlth   ++           (no ring)
HPRegen 0.25/turn    (no ring)
MPRegen 0.11/turn

%: no passive effects
@: no status effects
A: (nimble swimmer 2), mertail
a: no special abilities


You were on level 2 of the Dungeon.
You visited 1 branch of the dungeon, and saw 2 of its levels.

You collected 42 gold pieces.

Inventory:

Hand Weapons
 g - a +0 short sword (weapon)
Armour
 a - a +0 robe (worn)
Jewellery
 i - a ring of magical power
Scrolls
 c - a scroll of immolation {unknown}
 h - a scroll of amnesia {unknown}
Potions
 b - a potion of magic
 d - a potion of attraction {unknown}
 e - a potion of heal wounds {unknown}
 f - a potion of curing {unknown}


   Skills:
 + Level 2.2 Fighting
 - Level 2.6 Dodging
 - Level 2.1 Stealth
 + Level 2.8 Spellcasting
 + Level 5.1 Ice Magic


You had one spell level left.
You knew the following spells:

 Your Spells              Type           Power      Damage    Failure   Level
a - Freeze                Ice            72%        1d8       2%          1
b - Frozen Ramparts       Ice            36%        1d6       7%          3
c - Ozocubu's Armour      Ice            18%        N/A       7%          3

Your spell library contained the following spells:

 Spells                   Type           Power      Damage    Failure   Level
 Summon Ice Beast         Ice/Summ       10%        N/A       54%         4


Dungeon Overview and Level Annotations

Branches:
Dungeon (2/15)

Altars:

Annotations:
D:2 Natasha


Innate Abilities, Weirdness & Mutations

((You are very nimble when in or above water. (Stealth+, EV+, Speed+++)))
Your lower body shifts to a powerful aquatic tail in water.


Message History

The frilled lizard moves out of view.
You feel yourself speed up.
You see here an adder corpse.
A frilled lizard is nearby!
Found a stone staircase leading up.
Natasha, Servant of Life and Death comes into view.
Natasha stares at you and mumbles some strange words.
The magic dart hits you!
Natasha stares at you and mumbles some strange words.
The magic dart hits you!
You hit Natasha. You punch Natasha.
Natasha is moderately wounded.
Natasha stares at you and mumbles some strange words.
The magic dart hits you!
* * * LOW HITPOINT WARNING * * *
You are too injured to fight recklessly!
You are too injured to fight recklessly!
You are too injured to fight recklessly!
You are too injured to fight recklessly!
You are too injured to fight recklessly!
You are too injured to fight recklessly!
You are too injured to fight recklessly!
You are too injured to fight recklessly!
You are too injured to fight recklessly!
You are too injured to fight recklessly!
You are too injured to fight recklessly!
You are too injured to fight recklessly!
You are too injured to fight recklessly!
You are too injured to fight recklessly!
Unknown command.
Casting: Frozen Ramparts (quite dangerous; 7% risk of failure)
Confirm with . or Enter, or press ? or * to list all spells.
Aiming: Freeze (safe; 2% risk of failure)
Press: ? - help, Shift-Dir - straight line, f - Natasha
Aim: Natasha (moderately wounded)
You freeze Natasha.
Natasha is heavily wounded.
Natasha stares at you and mumbles some strange words.
The magic dart hits you!
You die...

##+# .# #... .# #... .#
#...###.# #. #.....< l.#
#.....## ... +...h..#
...#...@..# #.#......#
#........###.
##...........#
#.......###.#
####......#
...........###
...........†.#
........(..##.#########.


You could see Natasha.

Vanquished Creatures
  Natasha (D:2)
  2 adders (D:2)
  2 dart slugs
  3 endoplasms
  A goblin (D:1)
  2 hobgoblins (D:1)
  2 jackals (D:1)
  2 quokkas (D:1)
  2 ball pythons (D:2)
  4 bats (D:1)
  A frilled lizard (D:1)
  4 kobolds (D:1)
  4 rats (D:1)
30 creatures vanquished.

Notes
Turn   | Place    | Note
-------+----------+-------------------------------------------
     0 | D:1      | safid the Merfolk Ice Elementalist began the quest for the
                  | Orb.
     0 | D:1      | Reached XP level 1. HP: 13/13 MP: 3/3
     1 | D:1      | Noticed an electric eel
   164 | D:1      | Reached XP level 2. HP: 18/20 MP: 3/5
   193 | D:1      | Found a faded altar of an unknown god.
   204 | D:1      | Reached skill level 1 in Fighting
   756 | D:1      | Reached XP level 3. HP: 21/26 MP: 4/6
   809 | D:1      | Learned a level 3 spell: Frozen Ramparts
  1045 | D:2      | Noticed Natasha
  1063 | D:2      | Killed Natasha
  1064 | D:2      | Reached skill level 5 in Ice Magic
  1064 | D:2      | Reached XP level 4. HP: 24/33 MP: 3/8
  1068 | D:2      | Learned a level 3 spell: Ozocubu's Armour
  1107 | D:2      | Noticed Natasha
  1113 | D:2      | Killed from afar by Natasha

Illustrated notes

Levels and vault maps discovered:
D:1:      arrival_aquarium_a, layout_basic, shapermc_ecumenical_altar_acropolis,
          minivault_11, serial_bayou_lagoon_b
D:2:      layout_basic, uniq_natasha, uniq_crazy_yiuf_cottage

Skill      XL: |  1  2  3 |
---------------+----------+-----
Fighting       | 1 2 |  2.2
Ice Magic      | 5 |  5.1
Dodging        | |  2.6
Stealth        | |  2.1
Spellcasting   | |  2.8

Action                     |  1- 3 |  4- 6 || total
---------------------------+-------+-------++-------
  Melee: Club              |    75 |       ||    75
         Tailslap          |     1 |       ||     1
         Short sword       |     8 |     1 ||     9
         Punch             |       |     1 ||     1
   Cast: Freeze            |    23 |     1 ||    24
         Frozen Ramparts   |     1 |       ||     1
   Stab: Sleeping          |     6 |       ||     6
 Armour: Robe              |    16 |       ||    16
  Dodge: Dodged            |    84 |       ||    84
